 Dungeon Crawl Stone Soup version 0.14-a0-759-g26e2352 (webtiles) character file.

548 MackTheKnife the Sneak (level 5, -3/24 HPs)
             Began as a Spriggan Enchanter on Nov 8, 2013.
             Slain by a gnoll
             ... wielding a +0,+0 spear
              (6 damage)
             ... on Level 4 of the Dungeon.
             The game lasted 00:07:54 (4286 turns).

MackTheKnife the Sneak (Spriggan Enchanter)         Turns: 4286, Time: 00:07:55

HP  -3/24        AC  3     Str  5      XL: 5   Next: 96%
MP  13/17        EV 18     Int 16      God:
Gold 287         SH  0     Dex 17      Spells:  3 memorised,  6 levels left

Res.Fire  : . . .   See Invis. : +   q - +1,+0 sabre
Res.Cold  : . . .   Warding    : .   b - +1 robe (curse)
Life Prot.: . . .   Conserve   : .   (shield restricted)
Res.Poison: .       Res.Corr.  : .   (helmet restricted)
Res.Elec. : .       Clarity    : .   (no cloak)
Sust.Abil.: . .     Spirit.Shd : .   (gloves unavailable)
Res.Mut.  : .       Stasis     : .   (boots unavailable)
Res.Rott. : .       Flight     : .   (no amulet)
Saprovore : . . .                    (no ring)
                                     (no ring)

@: very quick, somewhat resistant to hostile enchantments, very stealthy
A: unfitting armour, see invisible, herbivore 3, speed 3, slow metabolism 2
a: no special abilities


You were on level 4 of the Dungeon.
You were not hungry.

You visited 1 branch of the dungeon, and saw 4 of its levels.

You collected 287 gold pieces.


Innate Abilities, Weirdness & Mutations

You are tiny and cannot use many weapons and most armour.
You have supernaturally acute eyesight.
You are a herbivore.
You cover ground extremely quickly.
You need consume almost no food.


   Skills:
 - Level 1.1 Short Blades
 - Level 1.1 Throwing
 - Level 3.0 Dodging
 + Level 6.1 Stealth
 + Level 4.1 Spellcasting
 + Level 5.6 Hexes


You had 6 spell levels left.
You knew the following spells:

 Your Spells              Type           Power        Failure   Level  Hunger
a - Ensorcelled Hibernat  Hex/Ice        ##....       10%         2    ##.....
x - Confuse               Hex            ###.....     6%          3    ###....
z - Corona                Hex            ###....      1%          1    None

Inventory:

Hand weapons
 a - a +2,+2 dagger
 q - a +1,+0 sabre (weapon)
Missiles
 d - 12 darts (quivered)
Armour
 b - a cursed +1 robe (worn)
Comestibles
 f - 3 bread rations
 i - an apple
 r - 5 grapes
Scrolls
 g - 2 scrolls of remove curse {unknown}
 k - a scroll of curse armour {!r}
 n - 2 scrolls of enchant weapon II
 p - 2 scrolls of identify
 s - a scroll of fog {unknown}
Potions
 e - a potion of porridge
 h - 2 potions of restore abilities
 j - a potion of beneficial mutation {unknown}
 l - 5 potions of curing {unknown}
 m - 2 potions of heal wounds {unknown}
 o - 2 potions of speed {unknown}
Books
 c - a book of Maledictions

   Spells                             Type                      Level
   *Corona                            Hexes                        1
   Sure Blade                         Hexes/Charms                 2
   *Ensorcelled Hibernation           Hexes/Ice                    2
   *Confuse                           Hexes                        3
   Enslavement                        Hexes                        4
   Invisibility                       Hexes                        6

▒▒▒▒▒▒▒▒▒▒ ▒········▒
▒▒········▒ ▒▒▒▒▒▒▒ ·▒········▒
▒······· ·▒········▒ ▒·······>
)▒········▒▒▒ ▒·····b··
·'········'%▒▒▒▒········
▒▒········▒····'·····b···
▒▒▒'▒▒▒▒▒▒▒▒▒▒▒i········ ▒)·▒
▒·g!······ ▒▒·▒ ▒▒▒'▒▒▒▒▒ ▒·▒▒
··▒ ▒··▒ ··· ▒▒·▒▒▒▒ ▒▒▒▒▒▒+▒▒▒
▒▒▒▒▒▒ ▒·····▒
▒········▒▒▒▒·····
▒·····▒▒▒▒▒▒········'·▒▒·····
▒▒▒·········▒▒········▒··'·····


You could see a gnoll.


Message History

You closely miss the gnoll.
The gnoll is moderately wounded.
The gnoll hits you but does no damage.
You closely miss the gnoll.
The gnoll is moderately wounded.
The gnoll hits you but does no damage.
You hit the gnoll but do no damage.
The gnoll is moderately wounded.
The gnoll hits you with a spear.
You hit the gnoll.
The gnoll is moderately wounded.
The gnoll closely misses you.
You hit the gnoll.
The gnoll is severely wounded.
The gnoll misses you.
You barely miss the gnoll.
The gnoll is severely wounded.
The gnoll hits you but does no damage.
You hit the gnoll but do no damage.
The gnoll is severely wounded.
The gnoll hits you with a spear!
* * * LOW HITPOINT WARNING * * *
You hit the gnoll but do no damage.
The gnoll is severely wounded.
The gnoll hits you with a spear!
* * * LOW HITPOINT WARNING * * *
You barely miss the gnoll.
The gnoll is severely wounded.
The gnoll hits you with a spear.
You die...

Action                   |  1- 3 |  4- 6 || total
-------------------------+-------+-------++-------
Melee: Dagger            |   163 |   240 ||   403
       Sabre             |       |    59 ||    59
 Cast: Ensorcelled Hiber |    13 |    24 ||    37
       Corona            |     1 |       ||     1
       Confuse           |       |     5 ||     5
  Use: Scroll            |       |     7 ||     7
 Stab: Sleeping          |     5 |    27 ||    32

Vault maps used:
D:1:      minmay_entry_five_plusses, nrook_mini_vaults
D:2:      first_bread
D:3:      minmay_staircase_bubble, minmay_misc_feat_rows
D:4:      minmay_temple_entry_butterflies, minmay_gold_behind_plants

Notes
Turn   | Place    | Note
--------------------------------------------------------------
     0 | D:1      | MackTheKnife, the Spriggan Enchanter, began the quest for the Orb.
     0 | D:1      | Reached XP level 1. HP: 9/9 MP: 4/4
   209 | D:1      | Reached skill level 4 in Hexes
   439 | D:1      | Reached XP level 2. HP: 13/13 MP: 6/6
   450 | D:1      | Learned a level 2 spell: Ensorcelled Hibernation
  1228 | D:2      | Reached skill level 2 in Spellcasting
  1233 | D:2      | Reached XP level 3. HP: 16/16 MP: 3/9
  1412 | D:2      | Learned a level 3 spell: Confuse
  1782 | D:2      | Reached skill level 4 in Stealth
  2171 | D:3      | Reached XP level 4. HP: 21/21 MP: 6/12
  2365 | D:3      | Reached skill level 5 in Stealth
  2365 | D:3      | Reached skill level 3 in Spellcasting
  2714 | D:3      | Reached skill level 5 in Hexes
  3066 | D:3      | Reached XP level 5. HP: 24/24 MP: 16/16
  3636 | D:4      | Reached skill level 6 in Stealth
  3871 | D:4      | Reached skill level 4 in Spellcasting
  3873 | D:4      | HP: 2/24 [gnoll/glowing halberd (13)]
  4286 | D:4      | Slain by a gnoll

Vanquished Creatures
  A hound (D:4)
  An orc wizard (D:3)
  2 worker ants (D:4)
  2 gnolls (D:4)
  3 adders (D:3)
  A giant mite (D:2)
  2 worms (D:3)
  2 giant geckos
  10 orcs (D:3)
  5 bats
  4 giant cockroaches
  6 goblins
  10 hobgoblins
  16 jackals
  3 giant newts
  A hobgoblin skeleton (D:4)
  7 kobolds
  A quokka (D:3)
  A quokka skeleton (D:4)
  7 rats
  A plant (D:4)
86 creatures vanquished.
